 Dungeon Crawl Stone Soup version 0.29.0-4-gdea44cf6ec (webtiles) character file.

Game seed: 9862871817858855913

5 qw the Chopper (level 1, -2/12 HPs)
             Began as a Tengu Warper on Aug 28, 2022.
             Slain by a quokka (3 damage)
             ... on level 1 of the Dungeon.
             The game lasted 00:00:01 (252 turns).

qw the Chopper (Tengu Warper)                        Turns: 252, Time: 00:00:01

Health: -2/12      AC:  3    Str: 11    XL:     1   Next: 80%
Magic:  4/4        EV: 11    Int: 13    God:
Gold:   11         SH:  0    Dex: 13    Spells: 4/4 levels left

rFire   . . .      SeeInvis .   a - +0 hand axe
rCold   . . .      Faith    .   (no shield)
rNeg    . . .      Spirit   .   b - +0 leather armour
rPois   .          Reflect  .   (helmet restricted)
rElec   .          Harm     .   (no cloak)
rCorr   .          Rampage  .   (no gloves)
Will    .....                   (boots unavailable)
Stlth   +.........              (no amulet)
HPRegen 0.04/turn               (no ring)
MPRegen 0.09/turn               (no ring)

@: no status effects
A: beak, talons 3
a: no special abilities


You were on level 1 of the Dungeon.
You visited 1 branch of the dungeon, and saw 1 of its levels.

You collected 11 gold pieces.


Innate Abilities, Weirdness & Mutations

You have a beak for a mouth.
You have claws for feet.


   Skills:
 - Level 2.0 Fighting
 + Level 2.8 Axes
 - Level 1.0 Throwing
 - Level 1.1 Armour
 - Level 2.1 Dodging
 - Level 2.0 Spellcasting
 - Level 2.4 Translocations


You had 4 spell levels left.
You didn't know any spells.
Your spell library contained the following spells:

 Spells                   Type           Power      Damage    Failure   Level
 Blink                    Tloc           14%        N/A       19%         2
 Gell's Gravitas          Tloc           7%         N/A       36%         3
 Lesser Beckoning         Tloc           7%         N/A       36%         3
 Teleport Other           Tloc           7%         N/A       36%         3
 Manifold Assault         Tloc           7%         N/A       98%         5

Inventory:

Hand Weapons
 a - a +0 hand axe (weapon)
Missiles
 d - 3 boomerangs of dispersal (quivered)
Armour
 b - a +0 leather armour (worn)
 f - a +0 cloak
Scrolls
 c - a scroll of blinking
 e - a scroll of vulnerability {unknown}

Dungeon Overview and Level Annotations

Branches:
Dungeon (1/15)

Altars:


Message History

You start resting.
A quokka comes into view.
240 ||| Stepping ~*~*~tactically~*~*~ (stealth).
The hobgoblin shouts!
Throw: 4 boomerangs (disperse)
Press: ? - help, Q - select action Shift-Dir - straight line, f - hobgoblin You throw a boomerang of dispersal.
The boomerang of dispersal hits the hobgoblin.
The hobgoblin blinks!
242 ||| Stepping ~*~*~tactically~*~*~ (stealth).
You start resting.
A hobgoblin is nearby!
You barely miss the hobgoblin.
The hobgoblin is heavily wounded.
The hobgoblin hits you but does no damage.
You hit the hobgoblin but do no damage.
The hobgoblin is heavily wounded.
The hobgoblin hits you. The hobgoblin barely misses you.
You hit the hobgoblin. Your peck misses the hobgoblin.
The hobgoblin is severely wounded.
The hobgoblin hits you.
You closely miss the hobgoblin.
The hobgoblin is severely wounded.
The hobgoblin hits you but does no damage.
You hit the hobgoblin.
You kill the hobgoblin!
You closely miss the quokka. You peck the quokka.
The quokka is severely wounded.
The quokka bites you but does no damage.
A hobgoblin comes into view.
The quokka closely misses you.
You barely miss the quokka.
The hobgoblin shouts!
You peck the quokka, but do no damage.
The quokka is severely wounded.
The quokka closely misses you.
You barely miss the quokka.
The quokka is severely wounded.
The quokka bites you.
You die...

## ## . . ## g###.
... ... .r## ...
#.. #.# ###...#.#
..#g..#@## ##
...###r..#
...#.....#.##
..###...#.# #
#.#...#..#.##.# ##
#.#...###.....# ..#
.#.#...#.....#.#
...###...###...#.##
# .....#.#.....##.#


You could see a quokka and a hobgoblin.

Vanquished Creatures
  2 hobgoblins (D:1)
  2 jackals (D:1)
4 creatures vanquished.

Notes
Turn   | Place    | Note
-------+----------+-------------------------------------------
     0 | D:1      | qw the Tengu Warper began the quest for the Orb.
     0 | D:1      | Reached XP level 1. HP: 12/12 MP: 4/4
     0 | D:1      | 0 ||| qw: Version: 0.1-a-89-g26bdef1
     0 | D:1      | 0 ||| qw: Game counter: 991
     0 | D:1      | 0 ||| qw: Always use a shield: true
     0 | D:1      | 0 ||| qw: God list: Okawaru
     0 | D:1      | 0 ||| qw: Allow faded altars: false
     0 | D:1      | 0 ||| qw: Do Orc after D:15 true
     0 | D:1      | 0 ||| qw: Do second Lair branch before Depths: true
     0 | D:1      | 0 ||| qw: Lair rune preference: random
     0 | D:1      | 0 ||| qw: Plans: Normal
     0 | D:1      | 0 ||| PLANNING D:1-11
   228 | D:1      | 228 ||| Stepping ~*~*~tactically~*~*~ (stealth).
   230 | D:1      | 230 ||| Stepping ~*~*~tactically~*~*~ (stealth).
   238 | D:1      | 238 ||| Stepping ~*~*~tactically~*~*~ (stealth).
   240 | D:1      | 240 ||| Stepping ~*~*~tactically~*~*~ (stealth).
   242 | D:1      | 242 ||| Stepping ~*~*~tactically~*~*~ (stealth).
   247 | D:1      | HP: 1/12 [hobgoblin (4)]
   252 | D:1      | Slain by a quokka

Levels and vault maps discovered:
D:1:      roderic_crop_circles_arrival_small, layout_loops_ring, serial_forest,
          infiniplex_forest_end_2, infiniplex_forest_straight_5,
          infiniplex_forest_zigzag_1, infiniplex_forest_clump_small,
          ebering_ecumenical_altar_mist, nicolae_titane

Action                   || total
-------------------------++-------
Melee: Hand axe          ||    12
       Peck              ||     2
Throw: Boomerang         ||     4
Armor: Leather armour    ||     5
Dodge: Dodged            ||     4

Table legend:
 A = Non-vault XP
 B = Vault XP
 C = Vault XP percentage of total XP
 D = Non-vault monster count
 E = Vault monster count
 F = Vault count percentage of total count
                 A         B        C        D         E       F
            +---------+---------+-------+---------+---------+-------
      Total |       8 |       0 |   0.0 |       4 |       0 |   0.0
            +---------+---------+-------+---------+---------+-------
        D:1 |       8 |       0 |   0.0 |       4 |       0 |   0.0
            +---------+---------+-------+---------+---------+-------
